[Event "Titled Tuesday Blitz April 05 Late 2022"]
[White "Bilan, Danila"]
[Black "Fishbein, Alexander"]
[WhiteFideId "24161918"]
[BlackFideId "2000377"]
[WhiteElo "2164"]
[BlackElo "2442"]
[Result "0-1"]
[Round "08"]
[TimeControl "180+1"]
[Date "2022.04.05"]
[WhiteClock "0:00:04"]
[BlackClock "0:00:09"]

1. d4 Nf6 2. Nf3 g6 3. Bg5 Bg7 4. c3 O-O 5. Nbd2 d6 6. e4 Nc6 7. Be2 e5 8. dxe5 Nxe5 9. Nxe5 dxe5 10. O-O Be6 11. Qc2 h6 12. Bh4 c6 13. Bc4 Qe7 14. Bxe6 Qxe6 15. Bxf6 Bxf6 16. Qb3 Qxb3 17. Nxb3 b6 18. Rfd1 Rfd8 19. Kf1 Kf8 20. Ke2 Ke7 21. a4 a5 22. Nd2 b5 23. axb5 cxb5 24. Nb3 a4 25. Nc5 Rac8 26. Nd3 Ke6 27. Nb4 Rxd1 28. Rxd1 Be7 29. Nd5 Bc5 30. f3 f5 31. g4 Rc6 32. Ra1 Bf8 33. Kd3 Bd6 34. h3 Rc8 35. Rg1 fxg4 36. fxg4 Rf8 37. Ke2 b4 38. cxb4 Rb8 39. Rf1 Be7 40. Kd3 Bg5 41. Kc4 Rc8+ 42. Kb5 Rc2 43. Kxa4 Rxb2 44. Rf3 Rd2 45. Kb5 Rd4 46. Nc3 Bd2 47. Re3 Bxc3 48. Rxc3 Rxe4 49. Rc6+ Kd5 50. Rc5+ Kd6 51. Rc6+ Kd5 52. Rxg6 Re1 53. Rxh6 e4 54. Rh8 e3 55. Rd8+ Ke4 56. Re8+ Kd3 57. g5 Rg1 58. h4 Rg4 59. Kb6 Re4 60. Rd8+ Kc2 61. Ra8 e2 62. Ra2+ Kd3 63. Rxe2 Kxe2 64. h5 Rxb4+ 65. Kc6 Rg4 66. g6 Rg5 67. Kd6 Rxh5 68. g7 Rg5 0-1


[Site "https://www.chess.com"]

[Event "Titled Tuesday Blitz April 05 Late 2022"]
[White "Bortnyk, Olexandr"]
[Black "Rytenko, Vsevolod"]
[WhiteFideId "14120828"]
[BlackFideId "14133040"]
[WhiteElo "2723"]
[BlackElo "2120"]
[Result "1-0"]
[Round "08"]
[TimeControl "180+1"]
[Date "2022.04.05"]
[WhiteClock "0:01:42"]
[BlackClock "0:00:12"]

1. d4 Nf6 2. Nc3 d5 3. Bf4 c5 4. e4 e6 5. exd5 Nxd5 6. Nxd5 exd5 7. Nf3 Nc6 8. Be2 Qb6 9. O-O cxd4 10. Bd3 Be6 11. Ng5 Be7 12. Nxe6 fxe6 13. Qg4 e5 14. Qxg7 O-O-O 15. Bxe5 Nxe5 16. Qxe5 Bd6 17. Qh5 Kb8 18. b3 Qc7 19. Rae1 h6 20. Re6 Bf4 21. g3 Rhg8 22. Rfe1 Bd2 23. R1e2 Bg5 24. Kg2 a6 25. a4 Rdf8 26. Re8+ Ka7 27. Rxf8 Rxf8 28. h4 Bc1 29. Qxd5 Rd8 30. Qe4 Qc5 31. Qe7 Qb6 32. Re6 Qa5 33. Rxa6+ Qxa6 34. Bxa6 1-0


[Site "https://www.chess.com"]

[Event "Titled Tuesday Blitz April 05 Late 2022"]
[White "Cagara, Paulina"]
[Black "Kostiukov, Alexandr"]
[WhiteFideId "1124870"]
[BlackFideId "14108100"]
[WhiteElo "2131"]
[BlackElo "2327"]
[Result "1-0"]
[Round "08"]
[TimeControl "180+1"]
[Date "2022.04.06"]
[WhiteClock "0:01:07"]
[BlackClock "0:00:01"]

1. e4 c5 2. Nc3 g6 3. g3 Bg7 4. Bg2 Nc6 5. Nge2 e5 6. d3 Nge7 7. O-O O-O 8. f4 d6 9. h3 f5 10. exf5 Nxf5 11. g4 Nfd4 12. Be3 exf4 13. Bxf4 Ne5 14. Nxd4 cxd4 15. Ne4 h6 16. Qd2 g5 17. Bg3 Be6 18. Rae1 Qb6 19. b3 Rac8 20. Rxf8+ Rxf8 21. Rf1 Rxf1+ 22. Kxf1 Qd8 23. Qf2 Qe7 24. Kg1 Kh7 25. Kh1 Bd5 26. Nxg5+ Qxg5 27. Bxd5 Qc1+ 28. Kh2 Qg5 29. Be4+ Kg8 30. Bh4 Qe3 31. Bd5+ Kh7 32. Qf5+ Ng6 33. Be4 1-0


[Site "https://www.chess.com"]

[Event "Titled Tuesday Blitz April 05 Late 2022"]
[White "Clawitter, Craig"]
[Black "Stoenescu, Radu"]
[WhiteFideId "2023105"]
[BlackFideId "610143"]
[WhiteElo "2218"]
[BlackElo "1945"]
[Result "1-0"]
[Round "08"]
[TimeControl "180+1"]
[Date "2022.04.06"]
[WhiteClock "0:00:07"]
[BlackClock "0:00:03"]

1. e4 c5 2. Nf3 d6 3. d4 Nf6 4. Nc3 cxd4 5. Nxd4 a6 6. Be3 e5 7. Nb3 Be6 8. f3 Be7 9. Qd2 O-O 10. O-O-O a5 11. a4 Na6 12. Kb1 Nb4 13. g4 d5 14. g5 d4 15. gxf6 dxc3 16. Qxd8 Bxd8 17. bxc3 Nc6 18. fxg7 Kxg7 19. Nc5 Bc8 20. Bb5 Be7 21. Rhg1+ Kh8 22. Nd7 Rd8 23. Nb6 Rb8 24. Nd5 Be6 25. Kc1 Ba3+ 26. Kb1 Ne7 27. c4 f5 28. Ka2 Nxd5 29. cxd5 f4 30. Bb6 Rg8 31. Rxg8+ Bxg8 32. Kxa3 Rc8 33. d6 Be6 34. d7 Rc3+ 35. Kb2 Bxd7 36. Rxd7 Rxf3 37. Bc7 Re3 38. Bxe5+ Kg8 39. Bc4+ Kf8 40. Rf7+ Ke8 41. Rxf4 Re1 42. Bc3 Rh1 43. Rh4 Ke7 44. Rxh7+ Kd6 45. Bxa5 Kc5 46. Bd3 Kd4 47. Bc3+ Ke3 48. e5 Kf4 49. e6 1-0


[Site "https://www.chess.com"]

[Event "Titled Tuesday Blitz April 05 Late 2022"]
[White "Coelho, Ramyres Santana"]
[Black "Martin Barcelo, Carles"]
[WhiteFideId "2120690"]
[BlackFideId "24561444"]
[WhiteElo "2223"]
[BlackElo "2445"]
[Result "1-0"]
[Round "08"]
[TimeControl "180+1"]
[Date "2022.04.06"]
[WhiteClock "0:00:24"]
[BlackClock "0:00:11"]

1. e4 g6 2. d4 Bg7 3. Nc3 a6 4. f3 b5 5. Be3 Bb7 6. Qd2 d6 7. O-O-O Nd7 8. h4 h5 9. Nh3 c5 10. Ng5 Rc8 11. Nd5 Ngf6 12. Nxf6+ exf6 13. Nh3 cxd4 14. Bxd4 Ne5 15. f4 Ng4 16. Bd3 O-O 17. Nf2 Nxf2 18. Qxf2 Re8 19. Rde1 d5 20. e5 f5 21. g4 fxg4 22. f5 Rf8 23. fxg6 fxg6 24. Qe2 Kh7 25. Ref1 Qe7 26. Bxg6+ Kg8 27. Bxh5 Rxf1+ 28. Rxf1 Rf8 29. Rxf8+ Kxf8 30. Qxg4 Qb4 31. Qf4+ Kg8 32. Qf7+ Kh8 33. Qe8+ Qf8 34. Qxf8+ Bxf8 35. e6+ Kg8 36. Bf7+ Kh7 37. Bf6 Kh6 38. e7 Bxe7 39. Bxe7 d4 40. Kd2 Be4 41. Bg5+ Kg7 42. Bb3 a5 43. a4 Bc6 44. axb5 Bxb5 45. Bf4 a4 46. Ba2 Kg6 47. Bd5 Kh5 48. Bg5 Kg4 49. Be6+ Kh5 50. Bh3 Kg6 51. Bg2 Kh5 52. Bf3+ Kg6 53. Bf4 Kf5 54. Bd6 Kg6 55. h5+ Kg5 56. Be7+ Kh6 57. Bf8+ Kg5 58. h6 Kg6 59. Be4+ Kf7 60. h7 Kxf8 61. h8=Q+ Ke7 62. Qxd4 a3 63. bxa3 Bd7 64. Qxd7+ Kxd7 65. Ke3 Kc7 66. Kd4 Kb6 67. c4 Ka5 68. c5 Ka4 69. c6 Kxa3 70. c7 Kb2 71. c8=Q Kb3 72. Qc4+ Kb2 73. Qc3+ 1-0


[Site "https://www.chess.com"]

[Event "Titled Tuesday Blitz April 05 Late 2022"]
[White "Constantinou, Peter"]
[Black "Tanenbaum, Zachary"]
[WhiteFideId "413038"]
[BlackFideId "2060850"]
[WhiteElo "2230"]
[BlackElo "2168"]
[Result "1-0"]
[Round "08"]
[TimeControl "180+1"]
[Date "2022.04.05"]
[WhiteClock "0:00:56"]
[BlackClock "0:00:44"]

1. d4 d5 2. c4 Bf5 3. cxd5 Bxb1 4. Rxb1 Qxd5 5. Qb3 Qxb3 6. axb3 Nc6 7. Nf3 O-O-O 8. e3 e5 9. Bb5 Bb4+ 10. Ke2 exd4 11. Rd1 Nge7 12. Nxd4 Nxd4+ 13. Rxd4 Rxd4 14. exd4 c6 15. Bc4 Nf5 16. Be3 Nd6 17. Kf3 Rd8 18. g4 Ba5 19. Rd1 Bb6 20. h4 Rd7 21. h5 Ne8 22. Bd3 g6 23. Bc4 Nc7 24. Kf4 Nd5+ 25. Kg5 f6+ 26. Kh6 Nxe3 27. fxe3 g5 28. Be6 Kd8 29. Bxd7 Kxd7 30. Kxh7 f5 31. gxf5 g4 32. Kg7 g3 33. f6 1-0


[Site "https://www.chess.com"]

[Event "Titled Tuesday Blitz April 05 Late 2022"]
[White "Degardin, Sylvain"]
[Black "Kaganskiy, Gleb"]
[WhiteFideId "20623070"]
[BlackFideId "4132025"]
[WhiteElo "2492"]
[BlackElo "2270"]
[Result "1-0"]
[Round "08"]
[TimeControl "180+1"]
[Date "2022.04.06"]
[WhiteClock "0:00:45"]
[BlackClock "0:00:05"]

1. d4 d5 2. c4 c6 3. Nf3 Nf6 4. e3 Bg4 5. Nc3 e6 6. Qb3 Qb6 7. Nh4 Be7 8. h3 Bh5 9. g4 Bg6 10. Nxg6 hxg6 11. Bg2 Nbd7 12. Bd2 dxc4 13. Qxc4 Nd5 14. O-O-O Nxc3 15. Bxc3 Nf6 16. e4 Nd7 17. f4 O-O-O 18. e5 Kb8 19. Qa4 Qc7 20. Ba5 Nb6 21. Qb3 Rd7 22. Rd3 Rhd8 23. Rhd1 Bf8 24. Kb1 Be7 25. a3 Bf8 26. Ka2 Be7 27. Be4 Bf8 28. f5 gxf5 29. gxf5 exf5 30. Bxf5 Rd5 31. Bc3 Rb5 32. Qc2 Nd5 33. Be4 Qd7 34. Rf1 Qe6 35. Ka1 Be7 36. Rdf3 Nxc3 37. Qxc3 Rf8 38. Bd3 Rb6 39. Bc4 Qg6 40. Rxf7 Rxf7 41. Rxf7 Qg2 42. Rxe7 Qh1+ 43. Ka2 Rxb2+ 44. Qxb2 Qb1+ 45. Qxb1 c5 46. Qxb7# 1-0


[Site "https://www.chess.com"]

[Event "Titled Tuesday Blitz April 05 Late 2022"]
[White "Demchenko, Anton"]
[Black "Nepomniachtchi, Ian"]
[WhiteFideId "4160258"]
[BlackFideId "4168119"]
[WhiteElo "2539"]
[BlackElo "2740"]
[Result "0-1"]
[Round "08"]
[TimeControl "180+1"]
[Date "2022.04.05"]
[WhiteClock "0:00:05"]
[BlackClock "0:00:26"]

1. e4 e6 2. d4 d5 3. Nd2 c5 4. exd5 Qxd5 5. dxc5 Nf6 6. Ngf3 Bxc5 7. Bc4 Qd7 8. Qe2 Nc6 9. O-O O-O 10. Ne4 Be7 11. Bf4 Nd4 12. Nxd4 Qxd4 13. Bg5 Qxb2 14. Rab1 Qe5 15. Bxf6 Bxf6 16. f4 Qd4+ 17. Kh1 b5 18. Bxb5 Bb7 19. Bd3 Rab8 20. c3 Qd8 21. Rfd1 Bxe4 22. Qxe4 g6 23. c4 Qc7 24. g3 Kg7 25. Rxb8 Rxb8 26. Rb1 Rd8 27. Rb7 Qd6 28. Be2 Bd4 29. Kg2 Kg8 30. Qc2 Bb6 31. Bf3 Qb4 32. Kh3 Rd2 33. Qc1 Rf2 34. Rb8+ Kg7 35. Qa1+ Rb2 36. c5 Qd2 37. Qh1 Bxc5 38. Rxb2 Qxb2 39. Qg2 Qa3 40. Qe2 Bd4 41. Kg2 h5 42. Qc2 a5 43. Qd2 Bb2 44. f5 exf5 45. Bd5 Be5 46. Bc4 Qc5 47. Qd5 Qc7 48. Kf3 a4 49. Kg2 h4 50. gxh4 Bxh2 51. h5 Be5 52. hxg6 fxg6 53. Qg8+ Kh6 54. Qd5 Kg5 55. Kf1 Bf4 56. Qg2+ Kf6 57. Qd5 Kg5 58. Qg2+ Bg3 59. Qd5 Qf4+ 60. Ke2 Qf2+ 61. Kd3 Bf4 62. Bb5 Qd2+ 63. Kc4 Qxa2+ 64. Kc5 Qxd5+ 65. Kxd5 a3 66. Bc4 0-1


[Site "https://www.chess.com"]

[Event "Titled Tuesday Blitz April 05 Late 2022"]
[White "Diaz Perez, Michel Alejandro"]
[Black "Danilov, Vladimir"]
[WhiteFideId "3517179"]
[BlackFideId "1203398"]
[WhiteElo "2637"]
[BlackElo "2525"]
[Result "1-0"]
[Round "08"]
[TimeControl "180+1"]
[Date "2022.04.06"]
[WhiteClock "0:00:30"]
[BlackClock "0:00:05"]

1. e4 e5 2. Nf3 Nc6 3. Bb5 a6 4. Ba4 d6 5. c3 f5 6. exf5 Bxf5 7. d4 e4 8. Ng5 d5 9. h4 Nf6 10. Be3 b5 11. Bb3 Bd6 12. Nd2 h6 13. Nh3 O-O 14. Nf4 Ne7 15. g3 c6 16. Qc2 Qd7 17. O-O-O Bxf4 18. gxf4 Kh7 19. Rdg1 Nc8 20. Qd1 Nd6 21. Bc2 Rae8 22. h5 Bg4 23. Qe1 Nf5 24. Bd1 Bxd1 25. Qxd1 Qf7 26. Nb3 Ra8 27. Nc5 a5 28. a4 b4 29. cxb4 axb4 30. b3 Ra5 31. Kb2 Rxc5 32. dxc5 d4 33. Bd2 Qd5 34. Qc2 Re8 35. Bxb4 e3 36. fxe3 dxe3 37. Bc3 Ne4 38. Be5 Rxe5 39. fxe5 Qxe5+ 40. Ka3 Nd4 41. Qc4 e2 42. Rg4 Nf2 43. Rxd4 Nxh1 44. Qd3+ Kg8 45. Rd8+ Kf7 46. Qg6+ Ke7 47. Re8+ Kd7 48. Rxe5 Ng3 49. Qd6+ 1-0


[Site "https://www.chess.com"]

[Event "Titled Tuesday Blitz April 05 Late 2022"]
[White "Dimakiling, Oliver"]
[Black "Abdyzhapar, Asylbek"]
[WhiteFideId "5202248"]
[BlackFideId "13800337"]
[WhiteElo "2426"]
[BlackElo "2331"]
[Result "0-1"]
[Round "08"]
[TimeControl "180+1"]
[Date "2022.04.05"]
[WhiteClock "0:00:17"]
[BlackClock "0:00:13"]

1. c4 Nf6 2. Nc3 g6 3. Nf3 Bg7 4. d4 O-O 5. e4 d6 6. h3 e5 7. d5 a5 8. Be3 Na6 9. Nd2 Nd7 10. g4 Ndc5 11. Rg1 Nb4 12. Qb1 a4 13. a3 Nba6 14. Qc2 Bd7 15. O-O-O Kh8 16. f3 f5 17. Be2 fxe4 18. fxe4 Qh4 19. Bf1 Bh6 20. g5 Bg7 21. Nb5 Rac8 22. Kb1 Nb3 23. Nxb3 axb3 24. Qxb3 Qxe4+ 25. Ka2 Rf3 26. Bg2 Rxe3 27. Bxe4 Rxb3 28. Kxb3 Nc5+ 29. Ka2 Nxe4 30. h4 Bf5 31. Rgf1 Kg8 32. Rc1 Nc5 33. b4 Nd3 34. Rc3 e4 35. Rc2 Be5 36. Kb3 c6 37. dxc6 bxc6 38. Nc3 Rb8 39. Re2 Nc5+ 40. Kc2 e3+ 41. Rxf5 gxf5 42. bxc5 f4 43. cxd6 Bxd6 44. Ne4 Bxa3 45. Kd3 Rd8+ 46. Kc3 Bc1 47. Nf6+ Kf7 48. Ng4 Kg6 49. Ne5+ Kf5 50. Nxc6 Rd6 51. Nd4+ Ke4 52. Nc2 f3 53. Rh2 f2 0-1


[Site "https://www.chess.com"]

[Event "Titled Tuesday Blitz April 05 Late 2022"]
[White "Djordjevic, Dejan N"]
[Black "Chernomordik, Pavel"]
[WhiteFideId "913316"]
[BlackFideId "2804530"]
[WhiteElo "2088"]
[BlackElo "2471"]
[Result "1-0"]
[Round "08"]
[TimeControl "180+1"]
[Date "2022.04.06"]
[WhiteClock "0:00:12"]
[BlackClock "0:00:31"]

1. e4 g6 2. d4 Bg7 3. g3 d6 4. Bg2 Nf6 5. h3 O-O 6. Ne2 Nbd7 7. O-O c5 8. c4 cxd4 9. Nxd4 a6 10. Nc3 Qc7 11. b3 e6 12. Bb2 Rd8 13. Rc1 Rb8 14. Re1 b6 15. f4 Bb7 16. Kh2 e5 17. fxe5 dxe5 18. Nde2 Nc5 19. Nd5 Qd6 20. Nec3 Bc6 21. Qe2 Ne6 22. Rcd1 Nd4 23. Qf2 Nd7 24. Rf1 Rf8 25. Ne2 Bxd5 26. Nxd4 exd4 27. exd5 b5 28. cxb5 axb5 29. Bxd4 Ra8 30. Rd2 Bh6 31. Rc2 Qb4 32. Rc7 Qd6 33. Rc6 Qb4 34. Bc3 Qa3 35. Qd4 f6 36. Bb4 Qxa2 37. Bxf8 Rxf8 38. b4 Qe2 39. Re6 Qc2 40. Re7 Qc8 41. d6 Ne5 42. Qd5+ Kh8 43. d7 Qd8 44. Rxe5 fxe5 45. Qxe5+ Bg7 46. Rxf8+ Qxf8 47. Qe8 1-0


[Site "https://www.chess.com"]

[Event "Titled Tuesday Blitz April 05 Late 2022"]
[White "Domingo Nunez, Alejandro"]
[Black "Ronka, Erik"]
[WhiteFideId "22245561"]
[BlackFideId "505080"]
[WhiteElo "2215"]
[BlackElo "2264"]
[Result "0-1"]
[Round "08"]
[TimeControl "180+1"]
[Date "2022.04.05"]
[WhiteClock "0:00:01"]
[BlackClock "0:00:12"]

1. Nf3 d5 2. g3 c6 3. Bg2 Bg4 4. O-O Nd7 5. c4 e6 6. b3 Ngf6 7. Bb2 Bd6 8. Qc2 O-O 9. d3 Qe7 10. Nbd2 e5 11. e4 dxe4 12. dxe4 Rfd8 13. Rfe1 Nf8 14. Nf1 Bxf3 15. Bxf3 Ne6 16. Ne3 g6 17. Bg2 Nd7 18. a3 a5 19. Ng4 f6 20. h4 Bc5 21. h5 Bd4 22. Rad1 Bxb2 23. Qxb2 Ndc5 24. Qc3 Nd4 25. b4 axb4 26. axb4 Nce6 27. c5 Ra2 28. Bf1 Rc2 29. Qa3 gxh5 30. Nh6+ Kg7 31. Nf5+ Nxf5 32. exf5 Nd4 33. Rd3 Qf7 34. Qa7 Rd7 35. Qb8 Rb2 36. Red1 Rb3 37. Rxb3 Qxb3 38. Rd3 Qf7 39. Kg2 Nxf5 40. Rxd7 Qxd7 41. Be2 h4 42. Bg4 hxg3 43. Bxf5 Qxf5 44. Qxb7+ Kg6 45. fxg3 Qe4+ 46. Kf2 Qd4+ 47. Kg2 Qd5+ 48. Kf2 e4 49. Qe7 Qd4+ 50. Ke2 Qd3+ 51. Ke1 e3 0-1


[Site "https://www.chess.com"]

[Event "Titled Tuesday Blitz April 05 Late 2022"]
[White "Dreev, Aleksey"]
[Black "Khanin, Semen"]
[WhiteFideId "4100107"]
[BlackFideId "4111990"]
[WhiteElo "2625"]
[BlackElo "2442"]
[Result "1-0"]
[Round "08"]
[TimeControl "180+1"]
[Date "2022.04.05"]
[WhiteClock "0:00:27"]
[BlackClock "0:00:02"]

1. d4 Nf6 2. Nf3 d5 3. c4 e6 4. Nc3 Bb4 5. Bg5 h6 6. Bxf6 Qxf6 7. Qa4+ Nc6 8. e3 O-O 9. cxd5 exd5 10. Rc1 Rd8 11. Be2 Be6 12. O-O a6 13. Qb3 Rab8 14. Na4 Bd6 15. Nc5 Ne7 16. Qc2 Bf5 17. Bd3 a5 18. Bxf5 Nxf5 19. Nd3 c6 20. Qa4 Ra8 21. Qb3 Qe7 22. a3 a4 23. Qc2 g6 24. Rfe1 Re8 25. g3 Qf6 26. Kg2 h5 27. h4 Re4 28. Nde5 Re8 29. Rb1 Kg7 30. b3 axb3 31. Rxb3 Re7 32. Qb2 Nh6 33. Rxb7 Bxa3 34. Qb3 Rxb7 35. Qxb7 Ng4 36. Qxc6 Qxc6 37. Nxc6 Re6 38. Nce5 Rb6 39. Ra1 Bd6 40. Ra7 Bxe5 41. Nxe5 Nxe5 42. dxe5 Rb4 43. e6 Kf6 44. exf7 Kg7 45. Rd7 Rb5 46. Kf3 Kf8 47. Kf4 d4 48. exd4 Rf5+ 49. Ke3 Ra5 50. f3 Ra3+ 51. Ke4 Ra5 52. Rb7 Kg7 53. d5 Ra4+ 54. Ke5 Ra3 55. d6 Re3+ 56. Kd4 Re1 57. Kd5 Rd1+ 58. Kc6 Rc1+ 59. Kb6 Rb1+ 60. Kc7 Rc1+ 61. Kd8 Rd1 62. d7 Kxf7 63. Rb4 Ke6 64. Ke8 Rxd7 65. Re4+ Kd6 66. Rd4+ 1-0


[Site "https://www.chess.com"]

[Event "Titled Tuesday Blitz April 05 Late 2022"]
[White "Ezat, Mohamed"]
[Black "Hess, Robert"]
[WhiteFideId "10600906"]
[BlackFideId "2022036"]
[WhiteElo "2386"]
[BlackElo "2557"]
[Result "0-1"]
[Round "08"]
[TimeControl "180+1"]
[Date "2022.04.05"]
[WhiteClock "0:00:03"]
[BlackClock "0:00:04"]

1. d4 g6 2. c4 Bg7 3. e4 d6 4. Nc3 c5 5. d5 Bxc3+ 6. bxc3 Qa5 7. Bd2 Nf6 8. Bd3 Nbd7 9. Nf3 Nb6 10. e5 dxe5 11. Nxe5 Bf5 12. Bxf5 gxf5 13. O-O Qa4 14. Qe2 Ne4 15. Qh5 Nd6 16. Rfe1 Nbxc4 17. Nxf7 Nxf7 18. Rxe7+ Kxe7 19. Re1+ Kf8 20. Bh6+ Kg8 21. Qxf5 Nce5 22. f4 Ng6 23. Qf6 Nxh6 0-1


[Site "https://www.chess.com"]

[Event "Titled Tuesday Blitz April 05 Late 2022"]
[White "Fedoseev, Vladimir"]
[Black "Andreikin, Dmitry"]
[WhiteFideId "24130737"]
[BlackFideId "4158814"]
[WhiteElo "2726"]
[BlackElo "2736"]
[Result "0-1"]
[Round "08"]
[TimeControl "180+1"]
[Date "2022.04.05"]
[WhiteClock "0:00:07"]
[BlackClock "0:00:43"]

1. d4 d5 2. Bf4 Nf6 3. e3 c5 4. c3 e6 5. Nf3 Bd6 6. Bg3 O-O 7. Bd3 Qc7 8. Ne5 Nbd7 9. f4 Ne4 10. Nd2 f5 11. Bh4 c4 12. Bxe4 fxe4 13. O-O b5 14. Qg4 Nf6 15. Qh3 b4 16. g4 bxc3 17. bxc3 Qa5 18. g5 Nh5 19. g6 Qxc3 20. Rad1 Rf5 21. gxh7+ Kxh7 22. Bg5 g6 23. Nexc4 dxc4 24. Nxe4 Qa3 25. Rb1 Rb8 26. Qf3 Rxb1 27. Rxb1 Bxf4 28. Bxf4 Nxf4 29. Kh1 Nh5 30. Qe2 Qd3 31. Qxd3 cxd3 32. Nd6 Rf8 33. Kg2 Ba6 34. Rb2 Nf6 35. e4 Rd8 36. e5 Ne8 37. Nf7 Rxd4 38. Rd2 Kg7 39. Nd6 Nxd6 40. exd6 Rxd6 41. Kf3 Kf6 42. Ke3 e5 43. h4 Ke6 0-1


[Site "https://www.chess.com"]

[Event "Titled Tuesday Blitz April 05 Late 2022"]
[White "Gatterer, Florian"]
[Black "Swicarz, Maciej"]
[WhiteFideId "811688"]
[BlackFideId "1113585"]
[WhiteElo "2360"]
[BlackElo "2519"]
[Result "0-1"]
[Round "08"]
[TimeControl "180+1"]
[Date "2022.04.06"]
[WhiteClock "0:00:02"]
[BlackClock "0:00:34"]

1. b3 d5 2. Nf3 c5 3. e3 a6 4. Bb2 Nc6 5. d4 cxd4 6. Nxd4 Nf6 7. Be2 Qd6 8. O-O e5 9. Nxc6 bxc6 10. c4 Bb7 11. a4 Be7 12. cxd5 cxd5 13. Ba3 Qe6 14. Bxe7 Qxe7 15. Nd2 O-O 16. Rc1 Rfc8 17. Nf3 Ne4 18. Bd3 Nc5 19. Bb1 f6 20. Qc2 g6 21. Qb2 Rab8 22. Qa3 Kf7 23. Rfd1 Ba8 24. b4 Ne6 25. Rxc8 Rxc8 26. Ba2 Qd6 27. Qb2 Rb8 28. b5 axb5 29. axb5 Qc5 30. h3 Rxb5 31. Qd2 Bb7 32. Rc1 Qb6 33. Rc2 Rc5 34. Rb2 Rb5 35. Rc2 Qa5 36. Qc1 Rc5 37. Rxc5 Qxc5 38. Qb2 Bc6 39. Nd2 Qb5 40. Qc2 Nc5 41. Nb3 Ne4 42. f3 Nd6 43. Na5 Qxa5 44. Qxc6 Qxa2 45. Qxd6 Qb1+ 46. Kh2 Qb7 47. Qc5 Qd7 48. Qb6 d4 49. Qb3+ Kg7 50. exd4 exd4 51. Qd3 Qd6+ 52. Kh1 h5 53. Kg1 Qe5 54. Kh1 h4 55. Qc4 Qd6 56. Qd3 g5 0-1


[Site "https://www.chess.com"]

[Event "Titled Tuesday Blitz April 05 Late 2022"]
[White "Gogolev, Artem"]
[Black "Karttunen, Mika"]
[WhiteFideId "4116615"]
[BlackFideId "502081"]
[WhiteElo "2126"]
[BlackElo "2343"]
[Result "1-0"]
[Round "08"]
[TimeControl "180+1"]
[Date "2022.04.05"]
[WhiteClock "0:00:35"]
[BlackClock "0:00:08"]

1. d4 Nf6 2. Nf3 g6 3. Nbd2 d5 4. c4 e6 5. e3 Bg7 6. Be2 O-O 7. O-O b6 8. b3 Bb7 9. Bb2 Nbd7 10. Rc1 a5 11. Nb1 Ne4 12. cxd5 exd5 13. Nc3 Nxc3 14. Bxc3 Re8 15. Qc2 Re6 16. Bb5 c6 17. Bd3 f5 18. a4 Bf8 19. Qd2 Bd6 20. Rb1 Bc7 21. b4 axb4 22. Rxb4 Qf6 23. Ne5 Nxe5 24. dxe5 Qd8 25. f4 c5 26. Rbb1 Rxa4 27. Ra1 Ra8 28. Rxa8 Qxa8 29. Ra1 Qb8 30. Bb5 Qc8 31. Ra7 Bb8 32. Ra1 Kg7 33. Qc2 h5 34. Qa4 Qc7 35. Bd7 Bc6 36. Bxc6 Qxc6 37. Qxc6 Rxc6 38. e6+ Kf8 39. Ra8 Ke7 40. Rxb8 Rxe6 41. Kf2 Kd7 42. Be5 Kc6 43. Ke2 b5 44. Kd3 b4 45. h3 Re7 46. Rc8+ Kb5 47. Rb8+ Ka4 48. Rd8 c4+ 49. Kc2 b3+ 50. Kb2 Kb4 51. Rxd5 Ra7 52. Bc3+ Ka4 53. Rc5 1-0


[Site "https://www.chess.com"]

[Event "Titled Tuesday Blitz April 05 Late 2022"]
[White "Gomez Dieguez, David"]
[Black "Ricaurte Lopez, Juan Carlos"]
[WhiteFideId "22223630"]
[BlackFideId "3600327"]
[WhiteElo "2115"]
[BlackElo "2209"]
[Result "0-1"]
[Round "08"]
[TimeControl "180+1"]
[Date "2022.04.06"]
[WhiteClock "0:00:09"]
[BlackClock "0:00:16"]

1. c4 e5 2. Nc3 Nf6 3. Nf3 Nc6 4. e3 a6 5. a3 d5 6. cxd5 Nxd5 7. Qc2 Be6 8. b4 Be7 9. Bb2 O-O 10. Bd3 f5 11. Nxd5 Qxd5 12. Rc1 e4 13. Bc4 Qxc4 14. Qxc4 Bxc4 15. Rxc4 exf3 16. gxf3 Bf6 17. Bxf6 Rxf6 18. f4 Rd8 19. Ke2 Rfd6 20. d4 R8d7 21. Rg1 Nxd4+ 22. exd4 Rxd4 23. Rgc1 c6 24. Rxd4 Rxd4 25. Ke3 Rd5 26. h4 Kf7 27. h5 a5 28. Rb1 axb4 29. Rxb4 b5 30. a4 bxa4 31. Rxa4 Rb5 32. Ra7+ Kf6 33. Ra6 Rc5 34. Kd4 Rc2 35. Ke3 g5 36. hxg6 hxg6 37. f3 g5 38. fxg5+ Kxg5 39. Kd3 Rc1 40. Kd2 Rc5 41. Ra4 f4 42. Kd3 Re5 43. Ra6 Re3+ 44. Kd2 Rxf3 45. Rxc6 Re3 46. Rc8 Kg4 47. Rg8+ Kf3 48. Rf8 Re7 49. Rf6 Kg3 50. Rg6+ Kf2 51. Rf6 Rd7+ 52. Kc3 f3 53. Rf8 Ke2 54. Re8+ Kf1 55. Rf8 f2 56. Kc2 Rd5 57. Kc1 Ke2 58. Re8+ Kf3 59. Rf8+ Ke3 60. Re8+ Kf4 61. Rf8+ Rf5 62. Rxf5+ Kxf5 63. Kd2 f1=Q 0-1


[Site "https://www.chess.com"]

[Event "Titled Tuesday Blitz April 05 Late 2022"]
[White "Goryachkina, Aleksandra"]
[Black "Derraugh, Geordie"]
[WhiteFideId "4147103"]
[BlackFideId "2603950"]
[WhiteElo "2632"]
[BlackElo "2422"]
[Result "1-0"]
[Round "08"]
[TimeControl "180+1"]
[Date "2022.04.06"]
[WhiteClock "0:00:05"]
[BlackClock "0:00:22"]

1. e4 c5 2. Nf3 d6 3. c3 Nf6 4. Be2 Nc6 5. d4 cxd4 6. cxd4 e6 7. Nc3 Be7 8. O-O O-O 9. Bf4 a6 10. Rc1 Qa5 11. a3 Bd7 12. e5 dxe5 13. dxe5 Nd5 14. Nxd5 exd5 15. Nd4 Rad8 16. Qd3 Rfe8 17. b4 Qb6 18. Nxc6 Bxc6 19. Rfd1 f6 20. exf6 Bxf6 21. Bf3 Kh8 22. h3 Bb5 23. Qf5 Bc6 24. Bg5 Rf8 25. Bxf6 Rxf6 26. Qe5 Rdf8 27. Rc3 d4 28. Rxd4 Bxf3 29. Rxf3 Rxf3 30. gxf3 Qg6+ 31. Rg4 Qf7 32. Rg3 h6 33. Kg2 Re8 34. Qd4 Rf8 35. Qc3 Re8 36. f4 Re7 37. Qd4 Rd7 38. Qe5 Re7 39. Qc5 Re4 40. f5 Rf4 41. Rf3 Rxf3 42. Kxf3 Qb3+ 43. Qe3 Qd5+ 44. Kf4 Kh7 45. Qe4 Qd2+ 46. Kg3 Qg5+ 47. Kf3 Qf6 48. Qxb7 Qxf5+ 49. Kg3 Qg5+ 50. Kh2 Qf4+ 51. Kg1 Qc4 52. Qf3 Qc1+ 53. Kg2 Qc4 54. Qe3 h5 55. Kf3 Qf7+ 56. Qf4 Qb3+ 57. Qe3 Qd1+ 58. Qe2 Qh1+ 59. Kg3 g6 60. Qf3 Qg1+ 61. Kh4 Qa1 62. Qe3 Qf6+ 63. Kg3 g5 64. Kg2 h4 65. Qe4+ Kh6 66. a4 Qb6 67. Qc4 Qb7+ 68. Kg1 Qb6 69. b5 axb5 70. axb5 Qf6 71. Qc6 Kg6 72. Qxf6+ Kxf6 73. Kg2 Ke5 74. Kf3 Kd5 75. Kg4 Kc5 76. Kxg5 1-0


[Site "https://www.chess.com"]

[Event "Titled Tuesday Blitz April 05 Late 2022"]
[White "Hakobyan, Aram"]
[Black "Smirnov, Pavel"]
[WhiteFideId "13306677"]
[BlackFideId "4123425"]
[WhiteElo "2557"]
[BlackElo "2539"]
[Result "1-0"]
[Round "08"]
[TimeControl "180+1"]
[Date "2022.04.05"]
[WhiteClock "0:01:58"]
[BlackClock "0:00:42"]

1. d4 Nf6 2. c4 e6 3. a3 d5 4. cxd5 exd5 5. Nc3 c6 6. Bf4 Bf5 7. e3 Bd6 8. Bxd6 Qxd6 9. Qf3 Bg6 10. h4 Bh5 11. Qf4 Qxf4 12. exf4 O-O 13. f3 Re8+ 14. Kd2 Bg6 15. g4 h5 16. f5 Bh7 17. g5 Nfd7 18. Bd3 Kf8 19. Nge2 Nb6 20. Ng3 N8d7 21. Rae1 c5 22. Nb5 cxd4 23. Nxd4 Ne5 24. b3 1-0


[Site "https://www.chess.com"]

[Event "Titled Tuesday Blitz April 05 Late 2022"]
[White "Harish, Neeraj"]
[Black "Quirke, Jeffrey"]
[WhiteFideId "30958130"]
[BlackFideId "2013029"]
[WhiteElo "1574"]
[BlackElo "2241"]
[Result "0-1"]
[Round "08"]
[TimeControl "180+1"]
[Date "2022.04.06"]
[WhiteClock "0:01:05"]
[BlackClock "0:00:15"]

1. e4 c5 2. Nf3 e6 3. d4 cxd4 4. Nxd4 a6 5. Bd3 Bc5 6. Nb3 Ba7 7. Nc3 Nc6 8. Qg4 Nf6 9. Qxg7 Rg8 10. Qh6 Bxf2+ 11. Kd1 Ne5 12. Qf4 Neg4 13. h3 Nh5 14. Qf3 Ng3 15. hxg4 Nxh1 16. Bf4 Qh4 17. Ke2 Ng3+ 18. Bxg3 Bxg3 19. Rf1 Qxg4 0-1


[Site "https://www.chess.com"]